 Dungeon Crawl Stone Soup version 0.28-a0-909-g796cbd3a86 (webtiles) character file.

Game seed: 552674942106661404

18 frimble the Grasshopper (level 2, -3/28 HPs)
             Began as a Troll Warper on Nov 24, 2021.
             Slain by a kobold (8 damage)
             ... on level 2 of the Dungeon.
             The game lasted 00:01:06 (451 turns).

frimble the Grasshopper (Troll Warper)               Turns: 451, Time: 00:01:07

Health: -3/28      AC:  4    Str: 18    XL:     2   Next: 48%
Magic:  2/2        EV:  9    Int:  9    God:
Gold:   59         SH:  0    Dex:  9    Spells: 3/3 levels left

rFire   . . .      SeeInvis .     - Unarmed
rCold   . . .      Faith    .   (no shield)
rNeg    . . .      Spirit   .   a - +0 robe
rPois   .          Reflect  .   (helmet restricted)
rElec   .          Harm     .   (no cloak)
rCorr   .          Rampage  .   (gloves unavailable)
Will    .....                   (boots unavailable)
Stlth   +.........              (no amulet)
HPRegen 1.09/turn               (no ring)
MPRegen 0.08/turn               (no ring)

@: no status effects
A: large, unfitting armour, claws 3, regeneration 1, shaggy fur 1, tough skin 1
a: no special abilities


You were on level 2 of the Dungeon.
You visited 1 branch of the dungeon, and saw 2 of its levels.

You collected 59 gold pieces.

Inventory:

Missiles
 c - 5 boomerangs of dispersal (quivered)
Armour
 a - a +0 robe (worn)
Scrolls
 b - 2 scrolls of blinking
 f - a scroll of identify {unknown}
 h - a scroll of teleportation {unknown}
Potions
 d - a potion of degeneration {unknown}
 e - a potion of haste {unknown}
 g - a potion of lignification {unknown}


   Skills:
 + Level 1.9 Fighting
 + Level 1.3 Throwing
 - Level 1.9 Dodging
 + Level 2.2 Unarmed Combat
 - Level 1.2 Spellcasting
 + Level 2.3 Translocations


You had 3 spell levels left.
You didn't know any spells.
Your spell library contained the following spells:

 Spells                   Type           Power      Damage    Failure   Level
 Blink                    Tloc           8%         N/A       21%         2
 Magic Dart               Conj           0%         1d3       36%         1
 Gell's Gravitas          Tloc           4%         N/A       38%         3
 Lesser Beckoning         Tloc           4%         N/A       38%         3
 Teleport Other           Tloc           4%         N/A       38%         3
 Call Imp                 Summ           0%         N/A       50%         2
 Mephitic Cloud           Conj/Pois/Air  0%         N/A       73%         3
 Manifold Assault         Tloc           4%         N/A       98%         5


Dungeon Overview and Level Annotations

Branches:
Dungeon (2/15)

Altars:

Shops:
D:1 !(!:


Innate Abilities, Weirdness & Mutations

You are too large for most types of armour.
You have claws for hands.
Your natural rate of healing is unusually fast.
You are covered in fur. (AC +1)
You have tough skin. (AC +1)


Message History

No target in view!
No target in view!
No target in view!
No target in view!
HP restored.
g - a fizzy emerald potion You see here a ball python corpse.
h - a scroll labelled ENA ULABUHEFF A kobold comes into view.
It is wielding a +1 whip of electrocution.
A kobold is nearby!
A kobold is nearby!
The kobold shouts!
The kobold unwields a +1 whip of electrocution.
It stops crackling.
The kobold wields a +0 hand crossbow.
The kobold shoots a bolt.
The bolt hits you.
The kobold shoots a bolt.
The bolt barely misses you.
The kobold shoots a bolt.
The bolt hits you.
You are too injured to fight recklessly!
You are too injured to fight recklessly!
You are too injured to fight recklessly!
You are too injured to fight recklessly!
You are too injured to fight recklessly!
You are too injured to fight recklessly!
You are too injured to fight recklessly!
You are too injured to fight recklessly!
You are too injured to fight recklessly!
Unknown command.
The kobold shoots a bolt.
The bolt barely misses you.
The kobold unwields a +0 hand crossbow.
The kobold wields a +1 whip of electrocution.
You hear the crackle of electricity.
The kobold hits you with a +1 whip of electrocution.
The kobold hits you with a +1 whip of electrocution.
You are electrocuted!
* * * LOW HITPOINT WARNING * * *
You barely miss the kobold.
The kobold hits you with a +1 whip of electrocution.
* * * LOW HITPOINT WARNING * * *
You are electrocuted!
You die...

... ####.# . ..#.#
### #.##.#.# #..
.....# #.. ...# #..
#.######### ##.
#@........# ##..
#K#######.# #...
...# #.# #... ###..
#.# #...
..#.#####.#####...
..................
..##.##############
##


You could see a kobold.

Vanquished Creatures
  5 ball pythons
  5 goblins (D:1)
  A hobgoblin (D:1)
  2 bats (D:1)
  A frilled lizard (D:1)
  2 kobolds (D:1)
  3 rats
19 creatures vanquished.

Notes
Turn   | Place    | Note
-------+----------+-------------------------------------------
     0 | D:1      | frimble the Troll Warper began the quest for the Orb.
     0 | D:1      | Reached XP level 1. HP: 19/19 MP: 1/1
    28 | D:1      | Reached skill level 1 in Throwing
    80 | D:1      | Reached XP level 2. HP: 28/28 MP: 2/2
    84 | D:1      | Found Myenuz's Book Boutique.
   124 | D:1      | Found Ohead's Distillery.
   157 | D:1      | Found Miudely's Antique Weapon Boutique.
   183 | D:1      | Found Nauc's Distillery.
   451 | D:2      | Slain by a kobold

Illustrated notes

Levels and vault maps discovered:
D:1:      minmay_arrival_checkered_box, layout_rooms, serial_shops,
          nicolae_shop_stone, nicolae_shop_overgrown_old_shop,
          nicolae_shop_waterfront, nicolae_shop_waterfront
D:2:      layout_loops_ring, basic_altar

Skill      XL: |  1 |
---------------+----+-----
Throwing       | 1 |  1.3
Fighting       | |  1.9
Dodging        | |  1.9
Unarmed Combat | |  2.2
Spellcasting   | |  1.2
Translocations | |  2.3

Action                   || total
-------------------------++-------
Melee: Unarmed           ||    36
 Stab: Distracted        ||     1
Armor: Robe              ||     9
Dodge: Dodged            ||    13

Table legend: (Time is in decaauts)
 A = Elapsed time spent in this place.
 B = Non-inter-level travel time spent in this place.
 C = Inter-level travel time spent in this place.
 D = Time resting spent in this place.
 E = Time spent auto-exploring this place.
 F = Levels seen in this place.
 G = Mean time per level.
                   A        B        C        D        E       F      G
               +--------+--------+--------+--------+--------+-----+--------+
         Total |    450 |    440 |     10 |      0 |    329 |   2 |  225.0 |
       Dungeon |    450 |    440 |     10 |      0 |    329 |   2 |  225.0 |
               +--------+--------+--------+--------+--------+-----+--------+

Top non-repeatable levels by time:
     D:1: 381 daAuts
     D:2: 68 daAuts
